 Dungeon Crawl Stone Soup version 0.22-a0-414-gacd343e (webtiles) character file.

142 tilp the Chiller (level 5, -12/35 HPs)
             Began as a Merfolk Ice Elementalist on May 13, 2018.
             Mangled by an ogre
             ... wielding a +0 giant spiked club
              (14 damage)
             ... on level 4 of the Dungeon.
             The game lasted 00:07:32 (3573 turns).

tilp the Chiller (Merfolk Ice Elementalist)         Turns: 3573, Time: 00:07:33

Health: -12/35     AC:  4    Str:  8    XL:     5   Next: 24%
Magic:  8/8        EV: 13    Int: 15    God:
Gold:   151        SH:  0    Dex: 15    Spells: 2/8 levels left

rFire    . . .     SeeInvis .   e - +0 dagger (curse)
rCold    . . .     Gourm    .   (no shield)
rNeg     . . .     Faith    .   a - +0 robe
rPois    .         Spirit   .   (no helmet)
rElec    .         Reflect  .   A - +1 cloak
rCorr    .         Harm     .   (no gloves)
MR       .....                  (no boots)
Stlth    ++........             (no amulet)
HPRegen  0.11/turn              (no ring)
MPRegen  0.11/turn              (no ring)

@: no status effects
A: change form in water, swift swim, stealthy swim
a: no special abilities


You were on level 4 of the Dungeon.
You were not hungry.

You visited 1 branch of the dungeon, and saw 4 of its levels.

You collected 151 gold pieces.

Inventory:

Hand Weapons
 e - a cursed +0 dagger (weapon)
 s - a +1 flail of protection
 u - a +0 spear
Missiles
 b - 45 stones (quivered)
 j - 19 sling bullets
Armour
 a - a +0 robe (worn)
 A - a +1 cloak (worn)
Jewellery
 p - an uncursed ring of flight {unknown}
Wands
 v - a wand of polymorph (32)
Scrolls
 d - 6 scrolls of remove curse {unknown}
 f - 2 scrolls of teleportation {unknown}
 i - 2 scrolls of amnesia {unknown}
 k - a scroll of identify {unknown}
 o - a scroll of magic mapping {unknown}
 t - a scroll of random uselessness {unknown}
 w - a scroll of enchant armour {unknown}
 x - a scroll of blinking {unknown}
 y - a scroll of enchant weapon {unknown}
Potions
 h - a potion of mutation {unknown}
 l - a potion of lignification {unknown}
 m - a potion of heal wounds {unknown}
 n - 2 potions of cancellation
 r - a potion of invisibility {unknown}
Comestibles
 c - 5 rations
 z - 3 chunks of flesh


   Skills:
 - Level 2.6 Dodging
 - Level 2.1 Stealth
 - Level 2.0 Spellcasting
 - Level 0.7 Conjurations
 + Level 6.3 Ice Magic


You had 2 spell levels left.
You knew the following spells:

 Your Spells              Type           Power        Failure   Level  Hunger
a - Freeze                Ice            ###.         1%          1    #......
b - Throw Frost           Conj/Ice       ##....       8%          2    ###....
c - Ozocubu's Armour      Chrm/Ice       ##......     19%         3    ###....

Your spell library contained the following spells:

 Spells                   Type           Power        Failure   Level  Hunger
 Summon Ice Beast         Ice/Summ       ##......     52%         4    #####..
 Throw Icicle             Conj/Ice       ##......     45%         4    #####..


Dungeon Overview and Level Annotations

Branches:
Dungeon (4/15)
 Temple: D:4-7

Altars:
Cheibriados

Annotations:
D:1 inaccessible scroll (need flight)
D:3 Sigmund


Message History

You throw a javelin. The javelin hits the ogre.
The ogre is moderately wounded.
The ogre hits you with a giant spiked club!!
Ouch! That really hurt!
Casting: Throw Frost (safe; 8% risk of failure)
Confirm with . or Enter, or press ? or * to list all spells.
Aiming: Freeze (safe; 1% risk of failure)
Press: ? - help, Shift-Dir - straight line, f/p - ogre
Aim: an ogre, wielding a giant spiked club (moderately wounded)
You freeze the ogre.
The ogre is moderately wounded.
The ogre hits you with a giant spiked club!
* * * LOW HITPOINT WARNING * * *
It was a potion of cancellation.
Your magical effects are unravelling.
You feel magically purged.
Your icy armour evaporates.
It was a potion of magic.
Magic courses through your body.
The ogre hits you with a giant spiked club!
You die...

...#......#
...'......#...####
...#.....[#...##.#
...#......#......#
####......#......#
..........#......#
..........#......#
..........#......#
..........#..(.O@#
..........##'######
....................
....................
....................
....................
####.............O..
...#................
...#......#########.


You could see an ogre.

Vanquished Creatures
  A worker ant (D:4)
  4 adders
  3 oozes
  A worm (D:3)
  3 dart slugs
  6 leopard geckos
  An orc (D:3)
  3 bats
  3 giant cockroaches
  5 goblins
  3 hobgoblins (D:1)
  6 jackals (D:3)
  2 quokkas
  5 frilled lizards
  6 kobolds
  3 rats
55 creatures vanquished.

Notes
Turn   | Place    | Note
-------+----------+-------------------------------------------
     0 | D:1      | tilp the Merfolk Ice Elementalist began the quest for the Orb.
     0 | D:1      | Reached XP level 1. HP: 13/13 MP: 3/3
   214 | D:1      | Reached XP level 2. HP: 19/19 MP: 1/5
   218 | D:1      | Learned a level 2 spell: Throw Frost
   269 | D:1      | Reached skill level 4 in Ice Magic
   666 | D:1      | Reached XP level 3. HP: 9/24 MP: 3/6
   671 | D:1      | Learned a level 3 spell: Ozocubu's Armour
  1387 | D:2      | Reached skill level 5 in Ice Magic
  1611 | D:2      | Found a snail-covered altar of Cheibriados.
  2122 | D:3      | Reached XP level 4. HP: 28/30 MP: 5/7
  2631 | D:3      | Noticed Sigmund
  2991 | D:3      | Reached skill level 6 in Ice Magic
  3275 | D:3      | Reached XP level 5. HP: 32/35 MP: 5/8
  3561 | D:4      | Noticed an ogre
  3573 | D:4      | Mangled by an ogre

Vault maps used:
D:1:      erik_arrival_gehennom
D:2:      old_standard_altar, kennysheep_generic_room_14
D:3:      serial_forest, infiniplex_forest_clump_small,
          infiniplex_forest_straight_3, infiniplex_forest_3_way,
          infiniplex_forest_lined_1, infiniplex_forest_clump_long,
          infiniplex_forest_fountain, uniq_sigmund
D:4:      minmay_temple_entry_overgrown, first_ration, minivault_11, uniq_robin

Skill      XL: |  1  2  3  4 |
---------------+-------------+-----
Ice Magic      | 4 5 6 |  6.3
Dodging        | |  2.6
Stealth        | |  2.1
Spellcasting   | |  2.0
Conjurations   | |  0.7

Action                   |  1- 3 |  4- 6 || total
-------------------------+-------+-------++-------
Melee: Dagger            |    40 |    60 ||   100
       Unarmed           |     1 |       ||     1
Throw: Stone             |     1 |       ||     1
       Javelin           |       |     3 ||     3
 Cast: Freeze            |    31 |    30 ||    61
       Throw Frost       |     2 |     1 ||     3
       Ozocubu's Armour  |     1 |     5 ||     6
  Use: Potion            |       |     2 ||     2
 Stab: Sleeping          |     8 |     4 ||    12
  Eat: Chunk             |     5 |     5 ||    10
Armor: Robe              |     6 |    13 ||    19
Dodge: Dodged            |    38 |    45 ||    83

Table legend:
 A = Spawn XP
 B = Non-spawn XP
 C = Spawn XP percentage of total XP
 D = Spawn monster count
 E = Non-spawn monster count
 F = Spawn count percentage of total count
 G = Total turns spent on level
                    A         B        C        D         E        F      G
               +---------+---------+-------+---------+---------+-------+---------
         Total |       0 |     203 |   0.0 |       0 |      55 |   0.0 |  3573
               +---------+---------+-------+---------+---------+-------+---------
           D:1 |       0 |      37 |   0.0 |       0 |      15 |   0.0 |  1001
           D:2 |       0 |      33 |   0.0 |       0 |       9 |   0.0 |  1193
           D:3 |       0 |     101 |   0.0 |       0 |      30 |   0.0 |  1228
           D:4 |       0 |      32 |   0.0 |       0 |       1 |   0.0 |   151
               +---------+---------+-------+---------+---------+-------+---------
